Penguins vs Canucks

Created - April 28, 2020 at 19:01

Goals
1 2 3 T
Penguins 2 1 0 3
Canucks 0 1 0 1
Shots
1 2 3 T
Penguins 22 9 9 40
Canucks 4 3 6 13

1st period

1. Penguins , Steven Stamkos 37 (Dustin Brown 15, Andrew Cogliano 28) at 12:42
2. Penguins , Claude Giroux 48 (Logan Couture 31, Keith Aulie 30) at 16:14

Penalties :
Jordie Benn (Van) for Hooking (Minor) at 18:09

2nd period

3. Canucks , Robert Nilsson 33 (Tyler Toffoli 27) at 11:54 (PP)
4. Penguins , Andrew Cogliano 28 (Steven Stamkos 58, Ales Hemsky 8) at 15:51

Penalties :
Cal Clutterbuck (Pit) for Diving (Minor) at 0:45, Kurtis Foster (Van) for Goalie Interference (Minor) at 8:10, Loui Eriksson (Van) for Hooking (Minor) at 8:52, Cal Clutterbuck (Pit) for Hooking (Minor) at 11:49, Jeremy Morin (Van) for Holding (Minor) at 16:13

3rd period

No Goal

Penalties :
Jason Zucker (Van) for High sticking (Minor) at 0:37, Theo Peckham (Van) for Tripping (Minor) at 4:05, Jonathan Blum (Van) for Holding (Minor) at 17:47

Goalie Stats

Michal Neuvirth (Pit), 12 saves from 13 shots - (0.923), W, 35-22-5, 60:00 minutes
Martin Jones (Van), 37 saves from 40 shots - (0.925), L, 3-5-1, 60:00 minutes

Players Stats for Penguins

Player Name              G  A  P  +/- PIM S  H  SB GA TA FO     MP     PP MP  PK MP  
------------------------------------------------------------------------------------
Ales Hemsky              0  1  1   0  0   0  0  0  0  0  0/1     7:48   0:26   0:00 
Andrew Cogliano          1  1  2   2  0   4  1  0  1  0  1/1    23:50   7:36   0:41 
Cal Clutterbuck          0  0  0   0  4   0  1  0  0  0  0/0    10:58   0:00   0:00 
Claude Giroux            1  0  1   1  0   7  0  1  1  1  1/3    21:10   8:14   1:04 
Danny DeKeiser           0  0  0   1  0   1  0  1  0  0  0/0    22:16   5:51   0:49 
Dustin Brown             0  1  1   2  0   3  1  0  0  0  0/0    19:02   3:56   0:00 
Eric Gryba               0  0  0   0  0   0  0  1  1  0  0/0    12:01   0:32   0:46 
Joe Colborne             0  0  0   0  0   0  2  1  0  0  0/2    11:26   0:26   0:00 
Keith Aulie              0  1  1   2  0   1  3  3  0  0  0/0    26:40   6:24   1:15 
Logan Couture            0  1  1   1  0   4  2  0  0  0  5/14   16:24   4:32   0:27 
Marcus Foligno           0  0  0   0  0   0  0  0  0  0  0/1    11:40   0:21   0:19 
Matt Corrente            0  0  0   0  0   1  1  0  0  0  0/0    10:55   0:12   0:00 
Sean Bergenheim          0  0  0   1  0   2  1  1  0  0  1/1    17:08   4:39   1:04 
Sean Zimmerman           0  0  0   2  0   1  1  2  0  0  0/0    25:14   5:05   1:15 
Steven Stamkos           1  1  2   2  0   11 3  0  3  0  21/33  23:44   7:38   0:33 
Tomas Plekanec           0  0  0   0  0   2  0  0  0  0  2/3     7:22   0:00   0:00 
Tuomo Ruutu              0  0  0   0  0   0  0  0  0  0  0/0     7:22   0:00   0:00 
Victor Hedman            0  0  0   1  0   3  0  1  0  0  0/0    22:54   7:08   0:03 

Players Stats for Canucks

Player Name              G  A  P  +/- PIM S  H  SB GA TA FO     MP     PP MP  PK MP  
------------------------------------------------------------------------------------
Andy Rogers              0  0  0   0  0   0  1  0  0  1  0/0    14:26   0:45   5:14 
Brandon Saad             0  0  0   0  0   0  0  0  0  0  0/0     2:44   0:00   2:08 
Brandon Sutter           0  0  0  -1  0   1  1  0  0  1  2/4    14:59   0:00   3:12 
Colton Gillies           0  0  0  -3  0   0  0  2  0  1  1/4    18:41   0:00   0:01 
Drew Fata                0  0  0  -1  0   0  1  3  0  2  0/0    25:52   1:19   7:22 
Jack Skille              0  0  0  -1  0   0  1  0  0  0  0/1     8:27   0:00   2:50 
Jamie McBain             0  0  0  -1  0   2  1  2  0  0  0/0    24:02   1:19   7:22 
Jason Zucker             0  0  0   0  2   1  0  1  0  0  1/1    14:08   0:50   0:00 
Jeremy Morin             0  0  0   0  2   1  0  1  0  0  0/0    14:04   0:50   0:00 
Jonathan Blum            0  0  0  -1  2   1  1  0  0  0  0/0    15:32   0:00   0:00 
Jordie Benn              0  0  0   0  2   0  0  0  0  0  0/0     7:49   0:00   0:00 
Kurtis Foster            0  0  0  -2  2   0  0  1  0  0  0/0    15:38   0:45   4:34 
Loui Eriksson            0  0  0  -1  2   1  2  1  0  0  2/3    20:42   1:14   2:57 
Marc Savard              0  0  0   0  0   0  0  1  0  0  4/12   20:16   0:50   6:05 
Pierre-Luc Létourneau    0  0  0  -2  0   0  2  0  0  0  1/1    14:01   0:00   0:00 
Robert Nilsson           1  0  1  -1  0   5  1  0  1  0  16/32  24:18   1:14   6:38 
Theo Peckham             0  0  0   0  2   0  0  0  0  0  0/0    12:48   0:00   0:43 
Tyler Toffoli            0  1  1  -1  0   1  2  0  0  1  1/1    17:33   1:14   0:00 

3 Stars

1 - Steven Stamkos (Pit)
2 - Andrew Cogliano (Pit)
3 - Keith Aulie (Pit)

Power Play

Penguins - 0 on 7 Attempt(s) - 0.00%
Canucks - 1 on 2 Attempt(s) - 50.00%

Penalty Kill

Penguins - 1 on 2 Attempt(s) - 50.00% - Score 0 goal in Penalty Kill
Canucks - 7 on 7 Attempt(s) - 100.00% - Score 0 goal in Penalty Kill

Team Stat

Penguins - Hits : 16 - Faceoff Wins : 31 - Blocked Shots : 11 - Penalty Minutes : 4
Canucks - Hits : 13 - Faceoff Wins : 28 - Blocked Shots : 12 - Penalty Minutes : 14

Official

Referees : Unknown
Linesman : Unknown

Game Notes

No Game Note

Finance

Level 1 -- Attendance: 6000 (100.00%) -- Ticket Income $498,000
Level 2 -- Attendance: 5000 (100.00%) -- Ticket Income $245,000
Level 3 -- Attendance: 1887 (94.35%) -- Ticket Income $64,158
Level 4 -- Attendance: 4000 (100.00%) -- Ticket Income $68,000
Luxury Box -- Attendance: 1000 (100.00%) -- Ticket Income $98,000
Game was played at the Budweiser Coliseum.
Total Attendance: 17887 (99.37%)
Total Ticket Income: $973,158
Other Income: $145,974
Total Income: $1,119,132

Penguins

5 vs 5 Forward 
   Center                   Left Wing                Right Wing               Time % Phy DF OF 
 1 Steven Stamkos           Andrew Cogliano          Dustin Brown             40     0   2  3  
 2 Logan Couture            Sean Bergenheim          Claude Giroux            30     0   2  3  
 3 Joe Colborne             Marcus Foligno           Cal Clutterbuck          20     0   2  3  
 4 Tomas Plekanec           Tuomo Ruutu              Ales Hemsky              10     0   2  3  

5 vs 5 Defense 
   Defense                  Defense                                           Time % Phy DF OF 
 1 Sean Zimmerman           Keith Aulie                                       40     1   2  2  
 2 Danny DeKeiser           Victor Hedman                                     30     1   2  2  
 3 Eric Gryba               Matt Corrente                                     20     1   2  2  
 4 Sean Zimmerman           Keith Aulie                                       10     1   2  2  

PowerPlay Forward 
   Center                   Left Wing                Right Wing               Time % Phy DF OF 
 1 Steven Stamkos           Andrew Cogliano          Claude Giroux            60     0   0  5  
 2 Logan Couture            Sean Bergenheim          Dustin Brown             40     0   0  5  

PowerPlay Defense
   Defense                  Defense                                           Time % Phy DF OF 
 1 Victor Hedman            Keith Aulie                                       60     0   1  4  
 2 Sean Zimmerman           Danny DeKeiser                                    40     0   1  4  

Penalty Kill 4 Players Forward 
   Center                   Wing                     Time % Phy DF OF 
 1 Claude Giroux            Sean Bergenheim          60     0   5  0  
 2 Steven Stamkos           Cal Clutterbuck          40     0   5  0  

Penalty Kill 4 Players Defense
   Defense                  Defense                  Time % Phy DF OF 
 1 Sean Zimmerman           Keith Aulie              60     1   4  0  
 2 Danny DeKeiser           Eric Gryba               40     1   4  0  

Penalty Kill - 3 Players Forward 
   Forward                                           Time % Phy DF OF 
 1 Claude Giroux                                     60     0   5  0  
 2 Steven Stamkos                                    40     0   5  0  

Penalty Kill - 3 Players Defense
   Defense                  Defense                  Time % Phy DF OF 
 1 Sean Zimmerman           Keith Aulie              60     1   4  0  
 2 Danny DeKeiser           Eric Gryba               40     1   4  0  

4 vs 4 Forward 
   Center                   Wing                     Time % Phy DF OF 
 1 Steven Stamkos           Andrew Cogliano          60     0   2  3  
 2 Claude Giroux            Sean Bergenheim          40     0   2  3  

4 vs 4 Defense
   Defense                  Defense                  Time % Phy DF OF 
 1 Sean Zimmerman           Keith Aulie              60     1   2  2  
 2 Danny DeKeiser           Victor Hedman            40     1   2  2  

Last Minutes Offensive
   Center                   Left Wing                Right Wing               Defense                  Defense                  
   Steven Stamkos           Sean Bergenheim          Claude Giroux            Victor Hedman            Keith Aulie              

Last Minutes Defensive
   Center                   Left Wing                Right Wing               Defense                  Defense                  
   Steven Stamkos           Sean Bergenheim          Claude Giroux            Sean Zimmerman           Keith Aulie              

Goaltenders
Starting : Michal Neuvirth          
Backup : Sergei Bobrovsky         

Extra Forwards
Normal : Claude Giroux, Steven Stamkos, Marcus Foligno - PP : Claude Giroux, Steven Stamkos - PK : Claude Giroux
Extra Defensemen
Normal : Sean Zimmerman, Danny DeKeiser, Eric Gryba - PP : Victor Hedman - PK : Sean Zimmerman, Danny DeKeiser
Penalty Shots
Claude Giroux, Steven Stamkos, Sean Bergenheim, Andrew Cogliano, Marcus Foligno

Scratches
Michael Raffl (Healthy)

Canucks

5 vs 5 Forward 
   Center                   Left Wing                Right Wing               Time % Phy DF OF 
 1 Robert Nilsson           Loui Eriksson            Tyler Toffoli            40     1   2  2  
 2 Marc Savard              Jason Zucker             Jeremy Morin             30     1   2  2  
 3 Brandon Sutter           Pierre-Luc Létourneau    Colton Gillies           20     1   2  2  
 4 Colton Gillies           Drew Fata                Jonathan Blum            10     1   2  2  

5 vs 5 Defense 
   Defense                  Defense                                           Time % Phy DF OF 
 1 Jamie McBain             Drew Fata                                         40     1   2  2  
 2 Colton Gillies           Kurtis Foster                                     30     1   2  2  
 3 Jonathan Blum            Theo Peckham                                      20     1   2  2  
 4 Jordie Benn              Andy Rogers                                       10     1   2  2  

PowerPlay Forward 
   Center                   Left Wing                Right Wing               Time % Phy DF OF 
 1 Robert Nilsson           Loui Eriksson            Tyler Toffoli            60     1   2  2  
 2 Marc Savard              Jason Zucker             Jeremy Morin             40     1   2  2  

PowerPlay Defense
   Defense                  Defense                                           Time % Phy DF OF 
 1 Jamie McBain             Drew Fata                                         60     1   2  2  
 2 Andy Rogers              Kurtis Foster                                     40     1   2  2  

Penalty Kill 4 Players Forward 
   Center                   Wing                     Time % Phy DF OF 
 1 Robert Nilsson           Marc Savard              60     1   2  2  
 2 Loui Eriksson            Brandon Sutter           40     1   2  2  

Penalty Kill 4 Players Defense
   Defense                  Defense                  Time % Phy DF OF 
 1 Jamie McBain             Drew Fata                60     1   2  2  
 2 Andy Rogers              Kurtis Foster            40     1   2  2  

Penalty Kill - 3 Players Forward 
   Forward                                           Time % Phy DF OF 
 1 Robert Nilsson                                    60     1   2  2  
 2 Marc Savard                                       40     1   2  2  

Penalty Kill - 3 Players Defense
   Defense                  Defense                  Time % Phy DF OF 
 1 Jamie McBain             Drew Fata                60     1   2  2  
 2 Andy Rogers              Kurtis Foster            40     1   2  2  

4 vs 4 Forward 
   Center                   Wing                     Time % Phy DF OF 
 1 Robert Nilsson           Marc Savard              60     1   2  2  
 2 Loui Eriksson            Brandon Sutter           40     1   2  2  

4 vs 4 Defense
   Defense                  Defense                  Time % Phy DF OF 
 1 Jamie McBain             Drew Fata                60     1   2  2  
 2 Andy Rogers              Kurtis Foster            40     1   2  2  

Last Minutes Offensive
   Center                   Left Wing                Right Wing               Defense                  Defense                  
   Robert Nilsson           Loui Eriksson            Tyler Toffoli            Jamie McBain             Drew Fata                

Last Minutes Defensive
   Center                   Left Wing                Right Wing               Defense                  Defense                  
   Robert Nilsson           Loui Eriksson            Tyler Toffoli            Jamie McBain             Drew Fata                

Goaltenders
Starting : Martin Jones             
Backup : Jacob Markstrom          

Extra Forwards
Normal : Pierre-Luc Létourneau, Colton Gillies, Jack Skille - PP : Pierre-Luc Létourneau, Colton Gillies - PK : Jack Skille
Extra Defensemen
Normal : Jonathan Blum, Theo Peckham, Jordie Benn - PP : Jonathan Blum - PK : Theo Peckham, Jordie Benn
Penalty Shots
Robert Nilsson, Marc Savard, Loui Eriksson, Brandon Sutter, Tyler Toffoli

Scratches
Patrick Eaves (Suspend)

% Time on Ice - Penguins

Lines # - Real PCT - Wanted PCT - Time Play
Normal Forward
1 - 34% - 40% - 15:33
2 - 25% - 30% - 11:25
3 - 24% - 20% - 11:00
4 - 16% - 10% - 7:22
Normal Defense
1 - 40% - 40% - 18:11
2 - 33% - 30% - 14:49
3 - 24% - 20% - 10:43
4 - 4% - 10% - 1:37
PP Forward
1 - 63% - 60% - 7:57
2 - 37% - 40% - 4:39
PP Defense
1 - 58% - 60% - 7:20
2 - 42% - 40% - 5:16
PK Forward
1 - 73% - 60% - 1:31
2 - 27% - 40% - 0:33
PK Defense
1 - 63% - 60% - 1:18
2 - 37% - 40% - 0:46
PK3 Forward
1 - 0% - 60%
2 - 0% - 40%
PK3 Defense
1 - 0% - 60%
2 - 0% - 40%
44 Forward
1 - 0% - 60%
2 - 0% - 40%
44 Defense
1 - 0% - 60%
2 - 0% - 40%
Last Minute Offensive  - 0:00
Last Minute Defensive  - 0:00
Total
Forward - 60:00
Defense - 60:00

% Time on Ice - Canucks

Lines # - Real PCT - Wanted PCT - Time Play
Normal Forward
1 - 38% - 40% - 17:05
2 - 30% - 30% - 13:38
3 - 25% - 20% - 11:07
4 - 8% - 10% - 3:30
Normal Defense
1 - 34% - 40% - 15:21
2 - 23% - 30% - 10:20
3 - 27% - 20% - 12:03
4 - 17% - 10% - 7:36
PP Forward
1 - 60% - 60% - 1:14
2 - 40% - 40% - 0:50
PP Defense
1 - 64% - 60% - 1:19
2 - 36% - 40% - 0:45
PK Forward
1 - 72% - 60% - 8:07
2 - 28% - 40% - 3:12
PK Defense
1 - 58% - 60% - 6:31
2 - 42% - 40% - 4:48
PK3 Forward
1 - 75% - 60% - 0:58
2 - 25% - 40% - 0:19
PK3 Defense
1 - 66% - 60% - 0:51
2 - 34% - 40% - 0:26
44 Forward
1 - 0% - 60%
2 - 0% - 40%
44 Defense
1 - 0% - 60%
2 - 0% - 40%
Last Minute Offensive  - 0:00
Last Minute Defensive  - 0:00
Total
Forward - 60:00
Defense - 60:00

Play-by-Play

1st period


0:01 of 1st period - Robert Nilsson wins face-off versus Steven Stamkos in neutral zone.
0:03 of 1st period - Off-side.
0:04 of 1st period - Steven Stamkos wins face-off versus Robert Nilsson in neutral zone.
0:09 of 1st period - Snap shot by Steven Stamkos.
0:09 of 1st period - Deflect By Andrew Cogliano.
0:09 of 1st period - Stopped by Martin Jones without a rebound.
0:10 of 1st period - Robert Nilsson wins face-off versus Steven Stamkos in Canucks zone.
0:15 of 1st period - Slapshot by Robert Nilsson.
0:15 of 1st period - Stopped by Michal Neuvirth with a rebound.
0:17 of 1st period - Slapshot by Drew Fata.
0:17 of 1st period - Shot Misses the Net.
0:19 of 1st period - Slapshot by Jamie McBain.
0:19 of 1st period - Stopped by Michal Neuvirth without a rebound.
0:20 of 1st period - Marc Savard wins face-off versus Logan Couture in Penguins zone.
0:44 of 1st period - Icing by Danny DeKeiser.
0:45 of 1st period - Robert Nilsson wins face-off versus Logan Couture in Penguins zone.
1:32 of 1st period - Snap shot by Jason Zucker.
1:32 of 1st period - Stopped by Michal Neuvirth with a rebound.
3:06 of 1st period - Icing by Danny DeKeiser.
3:07 of 1st period - Tomas Plekanec wins face-off versus Marc Savard in Penguins zone.
3:07 of 1st period - Tomas Plekanec is hit by Jonathan Blum.
3:13 of 1st period - Slapshot by Victor Hedman.
3:13 of 1st period - Stopped by Martin Jones with a rebound.
3:15 of 1st period - Snap shot by Tomas Plekanec.
3:15 of 1st period - Deflect By Ales Hemsky.
3:15 of 1st period - Shot Blocked by Jason Zucker.
3:15 of 1st period - Puck is out of play.
3:16 of 1st period - Tyler Toffoli wins face-off versus Steven Stamkos in Canucks zone.
3:28 of 1st period - Wrist shot by Steven Stamkos.
3:28 of 1st period - Shot Misses the Net.
3:30 of 1st period - Slapshot by Sean Zimmerman.
3:30 of 1st period - Shot Misses the Net.
3:32 of 1st period - Wrist shot by Steven Stamkos.
3:32 of 1st period - Stopped by Martin Jones with a rebound.
4:08 of 1st period - Slapshot by Keith Aulie.
4:08 of 1st period - Deflect By Joe Colborne.
4:08 of 1st period - Shot Misses the Net.
4:08 of 1st period - Puck is out of play.
4:09 of 1st period - Robert Nilsson wins face-off versus Marcus Foligno in Canucks zone.
4:35 of 1st period - Drew Fata is hit by Steven Stamkos and loses puck.
5:14 of 1st period - Icing by Eric Gryba.
5:15 of 1st period - Robert Nilsson wins face-off versus Logan Couture in Penguins zone.
5:20 of 1st period - Slapshot by Tyler Toffoli.
5:20 of 1st period - Shot Blocked by Eric Gryba.
5:30 of 1st period - Slapshot by Claude Giroux.
5:30 of 1st period - Stopped by Martin Jones with a rebound.
5:32 of 1st period - Snap shot by Sean Bergenheim.
5:32 of 1st period - Stopped by Martin Jones without a rebound.
5:33 of 1st period - Steven Stamkos wins face-off versus Marc Savard in Canucks zone.
6:57 of 1st period - Matt Corrente is hit by Pierre-Luc Létourneau and loses puck.
7:29 of 1st period - Slapshot by Tomas Plekanec.
7:29 of 1st period - Stopped by Martin Jones with a rebound.
7:31 of 1st period - Snap shot by Tuomo Ruutu.
7:31 of 1st period - Shot Misses the Net.
8:05 of 1st period - Snap shot by Andrew Cogliano.
8:05 of 1st period - Shot Misses the Net.
8:27 of 1st period - Victor Hedman is hit by Jamie McBain and loses puck.
9:31 of 1st period - Snap shot by Logan Couture.
9:31 of 1st period - Stopped by Martin Jones with a rebound.
10:23 of 1st period - Kurtis Foster is hit by Sean Zimmerman and loses puck.
11:48 of 1st period - Snap shot by Cal Clutterbuck.
11:48 of 1st period - Shot Blocked by Jamie McBain.
11:50 of 1st period - Slapshot by Victor Hedman.
11:50 of 1st period - Deflect By Jamie McBain.
11:50 of 1st period - Stopped by Martin Jones without a rebound.
11:51 of 1st period - Brandon Sutter wins face-off versus Steven Stamkos in Canucks zone.
12:40 of 1st period - Slapshot by Dustin Brown.
12:40 of 1st period - Stopped by Martin Jones with a rebound.
12:42 of 1st period - Snap shot by Steven Stamkos.
12:42 of 1st period - Goal by Steven Stamkos - Penguins : 1 - Canucks : 0.
12:43 of 1st period - Robert Nilsson wins face-off versus Steven Stamkos in neutral zone.
13:32 of 1st period - Tomas Plekanec is hit by Pierre-Luc Létourneau and loses puck.
13:57 of 1st period - Wrist shot by Steven Stamkos.
13:57 of 1st period - Stopped by Martin Jones with a rebound.
13:59 of 1st period - Wrist shot by Danny DeKeiser.
13:59 of 1st period - Shot Blocked by Loui Eriksson.
14:01 of 1st period - Slapshot by Victor Hedman.
14:01 of 1st period - Shot Blocked by Drew Fata.
14:03 of 1st period - Slapshot by Victor Hedman.
14:03 of 1st period - Stopped by Martin Jones without a rebound.
14:04 of 1st period - Steven Stamkos wins face-off versus Robert Nilsson in Canucks zone.
14:31 of 1st period - Marc Savard is hit by Logan Couture and loses puck.
15:11 of 1st period - Icing by Theo Peckham.
15:12 of 1st period - Robert Nilsson wins face-off versus Ales Hemsky in Canucks zone.
15:45 of 1st period - Snap shot by Jeremy Morin.
15:45 of 1st period - Stopped by Michal Neuvirth with a rebound.
15:47 of 1st period - Snap shot by Marc Savard.
15:47 of 1st period - Shot Blocked by Danny DeKeiser.
15:49 of 1st period - Slapshot by Jonathan Blum.
15:49 of 1st period - Shot Misses the Net.
15:51 of 1st period - Slapshot by Jonathan Blum.
15:51 of 1st period - Shot Misses the Net.
16:00 of 1st period - Off-side.
16:01 of 1st period - Brandon Sutter wins face-off versus Logan Couture in neutral zone.
16:06 of 1st period - Snap shot by Brandon Sutter.
16:06 of 1st period - Shot Blocked by Claude Giroux.
16:12 of 1st period - Wrist shot by Logan Couture.
16:12 of 1st period - Stopped by Martin Jones with a rebound.
16:14 of 1st period - Snap shot by Claude Giroux.
16:14 of 1st period - Goal by Claude Giroux - Penguins : 2 - Canucks : 0.
16:15 of 1st period - Steven Stamkos wins face-off versus Colton Gillies in neutral zone.
16:20 of 1st period - Slapshot by Andrew Cogliano.
16:20 of 1st period - Stopped by Martin Jones with a rebound.
16:22 of 1st period - Snap shot by Andrew Cogliano.
16:22 of 1st period - Shot Blocked by Colton Gillies.
16:30 of 1st period - Slapshot by Steven Stamkos.
16:30 of 1st period - Stopped by Martin Jones without a rebound.
16:31 of 1st period - Loui Eriksson wins face-off versus Logan Couture in Canucks zone.
16:44 of 1st period - Snap shot by Sean Bergenheim.
16:44 of 1st period - Shot Misses the Net.
16:46 of 1st period - Snap shot by Claude Giroux.
16:46 of 1st period - Shot Misses the Net.
16:48 of 1st period - Wrist shot by Logan Couture.
16:48 of 1st period - Deflect By Claude Giroux.
16:48 of 1st period - Stopped by Martin Jones with a rebound.
17:36 of 1st period - Wrist shot by Steven Stamkos.
17:36 of 1st period - Stopped by Martin Jones with a rebound.
17:38 of 1st period - Snap shot by Sean Zimmerman.
17:38 of 1st period - Shot Misses the Net.
18:09 of 1st period - Minor Penalty to Jordie Benn for Hooking.
18:10 of 1st period - Logan Couture wins face-off versus Robert Nilsson in Canucks zone.
18:10 of 1st period - Wrist shot by Claude Giroux.
18:10 of 1st period - Stopped by Martin Jones with a rebound.
18:12 of 1st period - Slapshot by Danny DeKeiser.
18:12 of 1st period - Shot Misses the Net.
18:14 of 1st period - Snap shot by Danny DeKeiser.
18:14 of 1st period - Shot Blocked by Marc Savard.
18:16 of 1st period - Snap shot by Claude Giroux.
18:16 of 1st period - Stopped by Martin Jones with a rebound.
18:18 of 1st period - Wrist shot by Claude Giroux.
18:18 of 1st period - Stopped by Martin Jones with a rebound.
18:20 of 1st period - Wrist shot by Sean Bergenheim.
18:20 of 1st period - Stopped by Martin Jones with a rebound.
19:50 of 1st period - Icing by Andrew Cogliano.
19:51 of 1st period - Steven Stamkos wins face-off versus Jack Skille in Penguins zone.
Goals for this period are 2 for Penguins vs 0 for Canucks.
Shots for this period are 22 for Penguins vs 4 for Canucks.

2nd period


0:01 of 2nd period - Steven Stamkos wins face-off versus Robert Nilsson in neutral zone.
0:09 of 2nd period - Penalty to Jordie Benn is over, Jordie Benn is back on ice.
0:33 of 2nd period - Snap shot by Brandon Sutter.
0:33 of 2nd period - Stopped by Michal Neuvirth with a rebound.
0:45 of 2nd period - Minor Penalty to Cal Clutterbuck for Diving.
0:46 of 2nd period - Claude Giroux wins face-off versus Robert Nilsson in Penguins zone.
0:46 of 2nd period - Claude Giroux is hit by Drew Fata.
1:14 of 2nd period - Wrist shot by Jamie McBain.
1:14 of 2nd period - Stopped by Michal Neuvirth with a rebound.
1:16 of 2nd period - Slapshot by Jamie McBain.
1:16 of 2nd period - Shot Blocked by Sean Zimmerman.
1:24 of 2nd period - Backhand shot by Jason Zucker.
1:24 of 2nd period - Shot Blocked by Sean Zimmerman.
1:28 of 2nd period - Snap shot by Jamie McBain.
1:28 of 2nd period - Shot Blocked by Sean Bergenheim.
2:45 of 2nd period - Penalty to Cal Clutterbuck is over, Cal Clutterbuck is back on ice.
3:48 of 2nd period - Wrist shot by Claude Giroux.
3:48 of 2nd period - Shot Misses the Net.
3:50 of 2nd period - Slapshot by Sean Zimmerman.
3:50 of 2nd period - Stopped by Martin Jones without a rebound.
3:51 of 2nd period - Marc Savard wins face-off versus Logan Couture in Canucks zone.
4:04 of 2nd period - Wrist shot by Claude Giroux.
4:04 of 2nd period - Shot Misses the Net.
4:14 of 2nd period - Loui Eriksson is hit by Joe Colborne and loses puck.
4:50 of 2nd period - Robert Nilsson is hit by Steven Stamkos and loses puck.
5:07 of 2nd period - Wrist shot by Sean Bergenheim.
5:07 of 2nd period - Deflect By Logan Couture.
5:07 of 2nd period - Stopped by Martin Jones without a rebound.
5:08 of 2nd period - Logan Couture wins face-off versus Marc Savard in Canucks zone.
5:09 of 2nd period - Slapshot by Claude Giroux.
5:09 of 2nd period - Stopped by Martin Jones without a rebound.
5:10 of 2nd period - Steven Stamkos wins face-off versus Marc Savard in Canucks zone.
5:34 of 2nd period - Icing by Kurtis Foster.
5:35 of 2nd period - Logan Couture wins face-off versus Marc Savard in Canucks zone.
6:03 of 2nd period - Icing by Sean Zimmerman.
6:04 of 2nd period - Colton Gillies wins face-off versus Steven Stamkos in Penguins zone.
6:12 of 2nd period - Off-side.
6:13 of 2nd period - Robert Nilsson wins face-off versus Steven Stamkos in neutral zone.
6:22 of 2nd period - Snap shot by Steven Stamkos.
6:22 of 2nd period - Stopped by Martin Jones with a rebound.
6:24 of 2nd period - Slapshot by Victor Hedman.
6:24 of 2nd period - Shot Blocked by Drew Fata.
6:43 of 2nd period - Off-side.
6:44 of 2nd period - Logan Couture wins face-off versus Brandon Sutter in neutral zone.
7:12 of 2nd period - Icing by Sean Zimmerman.
7:13 of 2nd period - Robert Nilsson wins face-off versus Joe Colborne in Penguins zone.
7:42 of 2nd period - Wrist shot by Joe Colborne.
7:42 of 2nd period - Deflect By Marcus Foligno.
7:42 of 2nd period - Shot Misses the Net.
7:42 of 2nd period - Puck is out of play.
7:43 of 2nd period - Andrew Cogliano wins face-off versus Marc Savard in Canucks zone.
7:59 of 2nd period - Snap shot by Andrew Cogliano.
7:59 of 2nd period - Shot Blocked by Colton Gillies.
8:10 of 2nd period - Minor Penalty to Kurtis Foster for Goalie Interference.
8:11 of 2nd period - Robert Nilsson wins face-off versus Steven Stamkos in Canucks zone.
8:49 of 2nd period - Off-side.
8:50 of 2nd period - Loui Eriksson wins face-off versus Logan Couture in neutral zone.
8:52 of 2nd period - Minor Penalty to Loui Eriksson for Hooking.
8:53 of 2nd period - Steven Stamkos wins face-off versus Robert Nilsson in Canucks zone.
9:07 of 2nd period - Wrist shot by Steven Stamkos.
9:07 of 2nd period - Stopped by Martin Jones without a rebound.
9:08 of 2nd period - Steven Stamkos wins face-off versus Robert Nilsson in Canucks zone.
9:37 of 2nd period - Drew Fata is hit by Keith Aulie and loses puck.
10:10 of 2nd period - Penalty to Kurtis Foster is over, Kurtis Foster is back on ice.
10:52 of 2nd period - Penalty to Loui Eriksson is over, Loui Eriksson is back on ice.
11:10 of 2nd period - Off-side.
11:11 of 2nd period - Marc Savard wins face-off versus Tomas Plekanec in neutral zone.
11:37 of 2nd period - Tyler Toffoli is hit by Joe Colborne and loses puck.
11:49 of 2nd period - Minor Penalty to Cal Clutterbuck for Hooking.
11:50 of 2nd period - Robert Nilsson wins face-off versus Claude Giroux in Penguins zone.
11:54 of 2nd period - Snap shot by Tyler Toffoli.
11:54 of 2nd period - Deflect By Robert Nilsson.
11:54 of 2nd period - Goal by Robert Nilsson - Penguins : 2 - Canucks : 1.
11:55 of 2nd period - Steven Stamkos wins face-off versus Loui Eriksson in neutral zone.
11:58 of 2nd period - Loui Eriksson is hit by Keith Aulie and loses puck.
12:03 of 2nd period - Wrist shot by Steven Stamkos.
12:03 of 2nd period - Stopped by Martin Jones with a rebound.
12:05 of 2nd period - Snap shot by Sean Zimmerman.
12:05 of 2nd period - Shot Blocked by Drew Fata.
12:07 of 2nd period - Snap shot by Andrew Cogliano.
12:07 of 2nd period - Stopped by Martin Jones without a rebound.
12:08 of 2nd period - Steven Stamkos wins face-off versus Robert Nilsson in Canucks zone.
12:46 of 2nd period - Snap shot by Jason Zucker.
12:46 of 2nd period - Shot Blocked by Keith Aulie.
13:36 of 2nd period - Slapshot by Jeremy Morin.
13:36 of 2nd period - Shot Misses the Net.
13:56 of 2nd period - Claude Giroux is hit by Robert Nilsson and loses puck.
14:19 of 2nd period - Wrist shot by Marc Savard.
14:19 of 2nd period - Shot Blocked by Joe Colborne.
14:30 of 2nd period - Icing by Jason Zucker.
14:31 of 2nd period - Steven Stamkos wins face-off versus Marc Savard in Canucks zone.
15:19 of 2nd period - Slapshot by Marcus Foligno.
15:19 of 2nd period - Shot Misses the Net.
15:23 of 2nd period - Backhand shot by Joe Colborne.
15:23 of 2nd period - Shot Blocked by Jamie McBain.
15:27 of 2nd period - Snap shot by Cal Clutterbuck.
15:27 of 2nd period - Shot Misses the Net.
15:51 of 2nd period - Wrist shot by Andrew Cogliano.
15:51 of 2nd period - Goal by Andrew Cogliano - Penguins : 3 - Canucks : 1.
15:52 of 2nd period - Steven Stamkos wins face-off versus Robert Nilsson in neutral zone.
16:09 of 2nd period - Snap shot by Dustin Brown.
16:09 of 2nd period - Stopped by Martin Jones without a rebound.
16:10 of 2nd period - Marc Savard wins face-off versus Logan Couture in Canucks zone.
16:10 of 2nd period - Marc Savard is hit by Logan Couture.
16:13 of 2nd period - Minor Penalty to Jeremy Morin for Holding.
16:14 of 2nd period - Steven Stamkos wins face-off versus Robert Nilsson in Canucks zone.
16:40 of 2nd period - Robert Nilsson is hit by Sean Bergenheim and loses puck.
16:47 of 2nd period - Slapshot by Dustin Brown.
16:47 of 2nd period - Shot Misses the Net.
18:05 of 2nd period - Claude Giroux is hit by Jack Skille and loses puck.
18:13 of 2nd period - Penalty to Jeremy Morin is over, Jeremy Morin is back on ice.
18:20 of 2nd period - Pierre-Luc Létourneau is hit by Cal Clutterbuck and loses puck.
18:29 of 2nd period - Wrist shot by Joe Colborne.
18:29 of 2nd period - Shot Misses the Net.
18:39 of 2nd period - Ales Hemsky is hit by Tyler Toffoli and loses puck.
18:57 of 2nd period - Ales Hemsky is hit by Loui Eriksson and loses puck.
19:39 of 2nd period - Off-side.
19:40 of 2nd period - Jason Zucker wins face-off versus Claude Giroux in neutral zone.
Goals for this period are 1 for Penguins vs 1 for Canucks.
Shots for this period are 9 for Penguins vs 3 for Canucks.

3rd period


0:01 of 3rd period - Steven Stamkos wins face-off versus Robert Nilsson in neutral zone.
0:04 of 3rd period - Drew Fata is hit by Steven Stamkos and loses puck.
0:37 of 3rd period - Minor Penalty to Jason Zucker for High sticking.
0:38 of 3rd period - Robert Nilsson wins face-off versus Steven Stamkos in Canucks zone.
2:37 of 3rd period - Penalty to Jason Zucker is over, Jason Zucker is back on ice.
2:46 of 3rd period - Sean Zimmerman is hit by Andy Rogers and loses puck.
3:58 of 3rd period - Slapshot by Brandon Sutter.
3:58 of 3rd period - Shot Blocked by Keith Aulie.
4:05 of 3rd period - Minor Penalty to Theo Peckham for Tripping.
4:06 of 3rd period - Steven Stamkos wins face-off versus Robert Nilsson in Canucks zone.
5:08 of 3rd period - Andy Rogers is hit by Andrew Cogliano and loses puck.
5:20 of 3rd period - Icing by Logan Couture.
5:21 of 3rd period - Robert Nilsson wins face-off versus Logan Couture in Penguins zone.
6:05 of 3rd period - Penalty to Theo Peckham is over, Theo Peckham is back on ice.
6:59 of 3rd period - Wrist shot by Dustin Brown.
6:59 of 3rd period - Stopped by Martin Jones with a rebound.
7:40 of 3rd period - Icing by Loui Eriksson.
7:41 of 3rd period - Robert Nilsson wins face-off versus Joe Colborne in Canucks zone.
7:52 of 3rd period - Slapshot by Danny DeKeiser.
7:52 of 3rd period - Stopped by Martin Jones with a rebound.
8:00 of 3rd period - Wrist shot by Robert Nilsson.
8:00 of 3rd period - Stopped by Michal Neuvirth without a rebound.
8:01 of 3rd period - Steven Stamkos wins face-off versus Marc Savard in Penguins zone.
8:08 of 3rd period - Jamie McBain is hit by Dustin Brown and loses puck.
8:13 of 3rd period - Slapshot by Steven Stamkos.
8:13 of 3rd period - Stopped by Martin Jones with a rebound.
8:15 of 3rd period - Slapshot by Matt Corrente.
8:15 of 3rd period - Stopped by Martin Jones with a rebound.
8:17 of 3rd period - Snap shot by Dustin Brown.
8:17 of 3rd period - Shot Blocked by Jeremy Morin.
8:27 of 3rd period - Marc Savard is hit by Matt Corrente and loses puck.
9:11 of 3rd period - Off-side.
9:12 of 3rd period - Logan Couture wins face-off versus Brandon Sutter in neutral zone.
10:52 of 3rd period - Wrist shot by Tomas Plekanec.
10:52 of 3rd period - Stopped by Martin Jones without a rebound.
10:53 of 3rd period - Tomas Plekanec wins face-off versus Robert Nilsson in Canucks zone.
10:59 of 3rd period - Off-side.
11:00 of 3rd period - Robert Nilsson wins face-off versus Steven Stamkos in neutral zone.
11:03 of 3rd period - Snap shot by Tyler Toffoli.
11:03 of 3rd period - Shot Blocked by Keith Aulie.
11:35 of 3rd period - Slapshot by Keith Aulie.
11:35 of 3rd period - Shot Misses the Net.
11:37 of 3rd period - Snap shot by Keith Aulie.
11:37 of 3rd period - Stopped by Martin Jones with a rebound.
12:11 of 3rd period - Ales Hemsky is hit by Loui Eriksson and loses puck.
14:09 of 3rd period - Wrist shot by Steven Stamkos.
14:09 of 3rd period - Stopped by Martin Jones without a rebound.
14:10 of 3rd period - Steven Stamkos wins face-off versus Colton Gillies in Canucks zone.
14:31 of 3rd period - Andrew Cogliano is hit by Brandon Sutter and loses puck.
14:39 of 3rd period - Icing by Sean Zimmerman.
14:40 of 3rd period - Steven Stamkos wins face-off versus Robert Nilsson in Penguins zone.
14:49 of 3rd period - Snap shot by Tyler Toffoli.
14:49 of 3rd period - Stopped by Michal Neuvirth with a rebound.
14:51 of 3rd period - Slapshot by Jonathan Blum.
14:51 of 3rd period - Stopped by Michal Neuvirth without a rebound.
14:52 of 3rd period - Sean Bergenheim wins face-off versus Robert Nilsson in Penguins zone.
15:01 of 3rd period - Snap shot by Claude Giroux.
15:01 of 3rd period - Deflect By Logan Couture.
15:01 of 3rd period - Stopped by Martin Jones with a rebound.
15:09 of 3rd period - Snap shot by Tyler Toffoli.
15:09 of 3rd period - Deflect By Loui Eriksson.
15:09 of 3rd period - Stopped by Michal Neuvirth without a rebound.
15:10 of 3rd period - Pierre-Luc Létourneau wins face-off versus Steven Stamkos in Penguins zone.
15:25 of 3rd period - Backhand shot by Steven Stamkos.
15:25 of 3rd period - Shot Misses the Net.
15:27 of 3rd period - Slapshot by Dustin Brown.
15:27 of 3rd period - Shot Blocked by Kurtis Foster.
15:44 of 3rd period - Wrist shot by Robert Nilsson.
15:44 of 3rd period - Deflect By Marcus Foligno.
15:44 of 3rd period - Stopped by Michal Neuvirth without a rebound.
15:45 of 3rd period - Steven Stamkos wins face-off versus Robert Nilsson in Penguins zone.
15:50 of 3rd period - Steven Stamkos is hit by Tyler Toffoli and loses puck.
15:55 of 3rd period - Slapshot by Robert Nilsson.
15:55 of 3rd period - Shot Blocked by Victor Hedman.
15:57 of 3rd period - Snap shot by Robert Nilsson.
15:57 of 3rd period - Stopped by Michal Neuvirth without a rebound.
15:58 of 3rd period - Steven Stamkos wins face-off versus Colton Gillies in Penguins zone.
16:15 of 3rd period - Wrist shot by Steven Stamkos.
16:15 of 3rd period - Stopped by Martin Jones with a rebound.
16:25 of 3rd period - Jamie McBain is hit by Keith Aulie and loses puck.
17:47 of 3rd period - Minor Penalty to Jonathan Blum for Holding.
17:48 of 3rd period - Robert Nilsson wins face-off versus Steven Stamkos in Canucks zone.
19:47 of 3rd period - Penalty to Jonathan Blum is over, Jonathan Blum is back on ice.
19:49 of 3rd period - Snap shot by Claude Giroux.
19:49 of 3rd period - Shot Misses the Net.
Goals for this period are 0 for Penguins vs 0 for Canucks.
Shots for this period are 9 for Penguins vs 6 for Canucks.